Map: Submarine LE

Players

BratOK (Brat_OK)

  • Race: Terran Terran
  • League: Master
  • Spawn Location: 11:00

ShaDoWn - Winner!

  • Race: Protoss Protoss
  • Spawn Location: 5:00

Event: DreamHack SC2 Masters 2020 Summer Europe

VOD

Have the link to the VOD?

Description

Time

  • Played on: June 24, 2020, 12:11 p.m.
  • Length: 10:51

All games in this series

Show
View Real Time Build Order
Export as new Build Order

BratOK Terran 

Build Orders: Mech 

Get SALT Encoding   

  12  0:00  SCV  
  13  0:12  SCV  
  14  0:17  Supply Depot  
  14  0:25  SCV  
  15  0:38  SCV  
  15  0:40  Barracks  
  16  0:44  Refinery  
  16  0:50  SCV  
  17  1:03  SCV  
  18  1:15  SCV  
  19  1:27  Barracks Reactor  
  19  1:28  Orbital Command  
  19  1:39  Command Center  
  19  1:47  Supply Depot  
  19  1:54  SCV  
  20  2:04  Marine x2  
  20  2:06  SCV  
  23  2:12  Factory  
  23  2:17  Bunker  
  23  2:22  Marine x2  
  24  2:26  SCV  
  26  2:38  SCV  
  26  2:40  Marine x2  
  30  2:51  Orbital Command, SCV  
  30  3:03  SCV  
  30  3:05  Hellion x2  
  35  3:09  Barracks Tech Lab  
  34  3:15  SCV  
  35  3:21  Command Center  
  35  3:23  SCV  
  36  3:33  Marine  
  36  3:34  Marine  
  40  3:37  Siege Tank  
  40  3:41  SCV  
  37  3:49  SCV  
  37  3:51  Marine x2  
  37  3:52  Refinery  
  37  3:53  SCV  
  38  4:01  SCV  
  37  4:05  SCV  
  37  4:09  Factory  
  38  4:10  Marine  
  38  4:11  Marine  
  38  4:13  SCV  
  41  4:17  SCV  
  41  4:23  Siege Tank  
  45  4:25  SCV  
  45  4:28  Engineering Bay  
  46  4:32  Marine x2, SCV  
  46  4:33  Orbital Command  
  46  4:35  Supply Depot  
  46  4:37  SCV  
  50  4:44  SCV  
  51  4:46  Refinery  
  51  4:48  Refinery  
  51  4:49  SCV  
  52  4:55  Siege Tank  
  55  5:01  SCV x2  
  55  5:04  SCV, Missile Turret  
  58  5:09  Factory  
  58  5:14  Hellion x2  
  58  5:15  Supply Depot  
  58  5:17  SCV x2  
  58  5:20  Supply Depot  
  64  5:21  Armory  
  64  5:26  SCV  
  63  5:31  SCV x2  
  63  5:35  Missile Turret  
  65  5:39  Hellion x2, SCV  
  70  5:43  SCV x2  
  70  5:44  Barracks Tech Lab  
  70  5:49  Supply Depot  
  72  5:51  SCV  
  72  5:53  Siege Tank  
  72  5:55  SCV  
  77  6:03  Hellion x2  
  81  6:06  Siege Tank, Missile Turret  
  81  6:10  Terran Vehicle Weapons Level 1  
  81  6:11  Supply Depot  
  84  6:13  SCV  
  85  6:25  Factory x2  
  85  6:28  Siege Tank  
  85  6:29  Orbital Command, Hellion x2  
  85  6:30  Barracks Reactor  
  85  6:31  SCV  
  85  6:32  SCV  
  94  6:36  Supply Depot x2  
  94  6:43  SCV  
  94  6:51  Supply Depot, SCV  
  95  6:55  Siege Tank, Hellion, SCV  
  95  6:56  Hellion  
  95  7:00  Siege Tank  
  100  7:03  Supply Depot, SCV  
  100  7:05  Orbital Command  
  100  7:07  SCV  
  100  7:09  Supply Depot  
  100  7:12  Hellion  
  82  7:15  SCV  
  82  7:19  SCV  
  69  7:24  Hellion  
  69  7:27  Siege Tank, SCV  
  73  7:32  Siege Tank, SCV  
  73  7:35  Hellion x2  
  80  7:39  SCV  
  81  7:45  Hellion  
  77  7:57  Factory Tech Lab  
  77  7:59  Siege Tank  
  77  8:04  Siege Tank, SCV x3  
  86  8:06  Terran Vehicle Weapons Level 2  
  86  8:10  Missile Turret  
  81  8:15  Siege Tank  
  81  8:16  Hellion x4  
  88  8:30  Missile Turret  
  88  8:31  Hellion  
  90  8:37  Hellion x3  
  90  8:38  SCV x2  
  98  8:41  Orbital Command  
  98  8:43  Hellion  
  98  8:47  Siege Tank  
  105  8:48  Hellion  
  105  8:52  Siege Tank  
  108  8:58  Siege Tank  
  108  8:59  Hellion  
  113  9:04  Missile Turret  
  113  9:05  SCV x2  
  113  9:06  SCV  
  113  9:09  Hellion  
  118  9:13  Missile Turret  
  118  9:15  Missile Turret  
  118  9:17  SCV x2  
  119  9:19  Siege Tank  
  119  9:23  SCV  
  124  9:27  Supply Depot  
  124  9:29  Refinery x2  
  124  9:34  Supply Depot  
  124  9:39  Supply Depot  
  124  9:42  Supply Depot  
  124  9:46  Hellion  
  124  9:47  Hellion  
  124  9:48  Siege Tank x2  
  124  9:51  Siege Tank  
  110  9:53  Hellion x2  
  86  10:04  SCV x2  
  63  10:16  Hellion x2  
  63  10:17  Hellion x2  
  73  10:22  Orbital Command  
Show
View Real Time Build Order
Export as new Build Order

ShaDoWn Protoss - Winner!

Build Orders: 1 Gate Expand, Blink Stalkers, Colossus Rush 

Get SALT Encoding   

  12  0:00  Probe  
  13  0:12  Probe  
  14  0:16  Pylon  
  14  0:24  Probe  
  15  0:32  Probe  
  15  0:36  Gateway  
  15  0:40  Probe  
  17  0:50  Assimilator  
  17  0:51  Probe  
  18  1:03  Probe  
  19  1:15  Probe  
  20  1:22  Nexus  
  20  1:32  Cybernetics Core  
  20  1:34  Probe  
  21  1:40  Assimilator  
  21  1:46  Probe  
  22  1:49  Pylon  
  22  1:58  Adept, Probe  
  23  2:08  Warp Gate  
  25  2:10  Probe  
  27  2:22  Probe  
  27  2:28  Stalker  
  29  2:31  Probe x2  
  29  2:33  Twilight Council  
  31  2:39  Probe x2  
  33  2:49  Probe x2  
  34  2:55  Gateway  
  35  2:58  Stalker  
  35  3:01  Probe  
  35  3:02  Probe  
  35  3:03  Blink  
  39  3:13  Probe  
  39  3:14  Probe  
  41  3:24  Robotics Facility  
  41  3:25  Probe  
  43  3:27  Probe  
  43  3:31  Shield Battery  
  43  3:34  Pylon  
  43  3:37  Probe  
  43  3:39  Probe  
  43  3:49  Probe  
  43  3:51  Probe  
  43  4:00  Probe  
  43  4:03  Sentry, Stalker  
  43  4:06  Assimilator x2, Probe  
  43  4:08  Probe  
  43  4:09  Warp Prism  
  48  4:16  Probe  
  51  4:18  Probe  
  51  4:19  Pylon  
  53  4:30  Probe  
  54  4:31  Robotics Bay  
  54  4:37  Probe  
  55  4:38  Immortal  
  59  4:50  Nexus  
  59  4:52  Pylon  
  59  4:59  Probe x2  
  61  5:08  Pylon  
  61  5:13  Stalker x2  
  65  5:17  Gateway, Observer  
  66  5:21  Colossus  
  66  5:24  Charge  
  66  5:25  Probe  
  67  5:29  Probe  
  68  5:37  Gateway  
  68  5:40  Gateway  
  74  5:43  Gateway  
  74  5:49  Sentry x2  
  78  6:00  Extended Thermal Lance  
  78  6:03  Gateway  
  78  6:05  Gateway  
  78  6:09  Probe x3  
  81  6:15  Colossus  
  81  6:17  Probe x2  
  87  6:24  Stalker  
  92  6:26  Stalker  
  92  6:29  Pylon  
  92  6:32  Pylon  
  93  6:42  Pylon  
  93  6:47  Probe x3  
  93  6:48  Zealot x2  
  93  6:51  Pylon  
  93  6:53  Zealot x3  
  106  6:57  Zealot  
  106  6:59  Probe  
  109  7:01  Pylon  
  109  7:02  Pylon, Probe  
  108  7:12  Stalker x2  
  108  7:13  Stalker  
  111  7:17  Zealot x2  
  111  7:19  Observer  
  111  7:22  Probe  
  110  7:25  Probe  
  110  7:27  Probe  
  112  7:30  Warp Prism  
  112  7:34  Probe  
  109  7:38  Assimilator, Probe  
  109  7:39  Probe  
  109  7:40  Assimilator  
  111  7:46  Probe  
  111  7:50  Probe  
  111  7:51  Forge  
  111  7:54  Templar Archives  
  111  7:55  Zealot  
  111  7:56  Zealot x4  
  111  7:58  Probe  
  122  8:00  Zealot x2  
  126  8:09  Protoss Ground Weapons Level 1  
  122  8:14  Probe  
  115  8:32  High Templar x5  
  115  8:33  High Templar  
  115  8:34  Zealot x2  
  131  8:39  Archon x3  
  131  8:41  Probe  
  132  8:43  Pylon  
  132  8:44  Pylon  
  132  8:45  Nexus  
  132  8:51  Immortal  
  136  9:00  Pylon  
  136  9:04  Pylon  
  136  9:06  High Templar x2, Zealot x3  
  136  9:07  Zealot x3  
  152  9:10  Gateway  
  152  9:11  Gateway, Archon  
  152  9:13  Gateway  
  152  9:31  Zealot x6  
  162  9:36  Zealot x6  
  162  9:38  Zealot x2  
  166  9:40  Probe  
  124  9:57  Zealot x6  
  124  9:59  Probe  
  121  10:01  Zealot x2  
  121  10:03  Probe  
  121  10:04  Warp Prism  
  116  10:11  High Templar x5  
  116  10:12  Probe  
  123  10:14  Probe x2  
  123  10:15  Archon  
  123  10:16  Archon  
  123  10:18  High Templar x3  
  123  10:19  High Templar, Zealot x2  
  137  10:23  Archon  
  137  10:33  Probe  
  132  10:36  Probe  
  132  10:40  Zealot  
  132  10:41  Zealot x4  
  143  10:45  Zealot x2  
  143  10:46  Zealot x3  
Tags
 
Add a new tag
Caveats
  • Supply blocks, unpowered buildings, or Contaminate may cause inaccurate times.
  • Supply counts are checked every 10 seconds.